 Dungeon Crawl Stone Soup version 0.28.0-45-g0d030f2227 (webtiles) character file.

Game seed: 10669026472927288154

140 zeratav the Insei (level 5, -15/34 HPs)
             Began as an Octopode Transmuter on Apr 9, 2022.
             Demolished by an ogre
             ... wielding a +0 giant club
              (23 damage)
             ... on level 4 of the Dungeon.
             The game lasted 00:03:19 (4035 turns).

zeratav the Insei (Octopode Transmuter)             Turns: 4035, Time: 00:03:19

Health: -15/34     AC:  1    Str: 11    XL:     5   Next: 23%
Magic:  7/8        EV: 13    Int: 15    God:
Gold:   149        SH:  0    Dex: 13    Spells: 7/8 levels left

rFire   . . .      SeeInvis .     - Unarmed
rCold   . . .      Faith    .   (no shield)
rNeg    . . .      Spirit   .   (helmet currently unavailable)
rPois   .          Reflect  .   (no amulet)
rElec   .          Harm     .   d - ring of resist corrosion
rCorr   +          Rampage  .   (no ring)
Will    .....                   (no ring)
Stlth   +++.......              (no ring)
HPRegen 0.11/turn               (no ring)
MPRegen 0.11/turn               (no ring)
                                (no ring)
                                (no ring)

@: appendages (expiring)
A: tentacle spike 3, almost no armour, amphibious, 8 rings, camouflage 1,
gelatinous body 1, (nimble swimmer 1), tentacles
a: End Transformation


You were on level 4 of the Dungeon.
One of your tentacles had grown a beastly spike.
You visited 1 branch of the dungeon, and saw 4 of its levels.

You collected 149 gold pieces.


Innate Abilities, Weirdness & Mutations

One of your tentacles has grown a beastly spike.
You cannot wear most types of armour.
You are amphibious.
You can wear up to eight rings at the same time.
Your skin changes colour to match your surroundings (Stealth+).
Your rubbery body absorbs attacks. (AC +1, EV +1)
((You are camouflaged when in or above water. (Stealth+)))
You have tentacles for arms and can constrict up to eight enemies at once.


   Skills:
 + Level 2.2 Fighting
 + Level 2.8 Dodging
 + Level 2.6 Stealth
 * Level 4.4 Unarmed Combat
 - Level 2.0 Spellcasting
 - Level 2.0 Transmutations


You had 7 spell levels left.
You knew the following spells:

 Your Spells              Type           Power      Damage    Failure   Level
a - Beastly Appendage     Tmut           14%        N/A       10%         1

Your spell library contained the following spells:

 Spells                   Type           Power      Damage    Failure   Level
 Wereblood                Tmut           7%         N/A       14%         2
 Blink                    Tloc           2%         N/A       32%         2
 Spider Form              Tmut/Pois      4%         N/A       41%         3
 Call Canine Familiar     Summ           1%         N/A       54%         3
 Lesser Beckoning         Tloc           1%         N/A       54%         3
 Portal Projectile        Hex/Tloc       2%         N/A       54%         3
 Ice Form                 Ice/Tmut       4%         N/A       82%         4
 Leda's Liquefaction      Hex/Erth       0%         N/A       91%         4
 Manifold Assault         Tloc           1%         N/A       99%         5

Inventory:

Jewellery
 d - a ring of resist corrosion (left tentacle)
   (You found it on level 1 of the Dungeon)
 g - a ring of see invisible
   (You found it on level 1 of the Dungeon)
 s - an amulet of the acrobat
   (You took it off an orc on level 3 of the Dungeon)
Scrolls
 c - a scroll of summoning {unknown}
 f - 3 scrolls of blinking {unknown}
 h - 2 scrolls of fear {unknown}
 i - 3 scrolls of identify {unknown}
 j - 5 scrolls of noise {unknown}
 l - a scroll of silence {unknown}
 n - a scroll of acquirement {unknown}
 o - a scroll of fog {unknown}
 q - a scroll of magic mapping {unknown}
Potions
 a - a potion of haste {@q3}
 b - a potion of brilliance {unknown}
 e - a potion of flight {unknown}
 k - a potion of resistance {unknown}
 m - a potion of curing {unknown}
 p - a potion of invisibility {unknown}
 r - a potion of heal wounds {unknown}

Dungeon Overview and Level Annotations

Branches:
Dungeon (4/15)
 Temple: D:4-7

Altars:

Shops:
D:3 (

Annotations:
D:4 Robin

#+####.
##.######รท......
.......gO.......
#.##..@h.......
#...g.......
#...........
#............
#............
#.....#+#####
#[....# #.....#


You could see an ogre, a hound, Robin and a hobgoblin (strong).


Message History

MP[-1]
You lost 1 mp, and now have 7/8 mp.
You climb downwards.
Level annotation: Robin The goblin misses you.
The hobgoblin hits you but does no damage.
The goblin hits you with a +0 dagger.
There is a stone staircase leading up, spattered with blood here.
HP[-1]
You take 1 damage, and now have 33/34 hp.
The goblin hits you with a +0 dagger. The hobgoblin completely misses you.
You climb upwards.
There is a stone staircase leading down, spattered with blood here.
HP[-2]
You take 2 damage, and now have 31/34 hp.
You tentacle-slap the hobgoblin. You grab the hobgoblin.
You pierce the hobgoblin.
You squeeze the hobgoblin.
You kill the hobgoblin!
The goblin hits you with a +0 dagger.
HP[-1]
You take 1 damage, and now have 30/34 hp.
You closely miss the goblin. Your grab misses the goblin.
Your tentacle spike misses the goblin.
You tentacle-slap the goblin.
You kill the goblin!
No target in view!
No target in view!
No target in view!
No target in view!
No target in view!
No target in view!
No target in view!
No target in view!
Your transformation is almost over.
You climb downwards.
Level annotation: Robin The hobgoblin hits you.
Robin drinks a potion.
Robin seems to speed up.
The goblin closely misses you.
There is a stone staircase leading up, spattered with blood here.
HP[-2] MP[+1]
You take 2 damage, and now have 28/34 hp.
Your mp is fully restored (8).
You closely miss the goblin.
The hobgoblin shouts!
The ogre shouts!
Your grab misses the goblin.
You pierce the goblin.
You kill the goblin!
You hear a bark!
Robin roars a battlecry!
The hobgoblins go into a battle-frenzy!
The hobgoblin closely misses you.
You tentacle-slap the hobgoblin. Your grab misses the hobgoblin.
You squeeze the hobgoblin.
You kill the hobgoblin!
Robin points. "Kill!"
You climb upwards.
There is a stone staircase leading down, spattered with blood here.
You start resting.
Your tentacle spike disappears.
HP[+6]
Your hp is fully restored (34).
You start waiting.
Done waiting.
You start waiting.
You start waiting.
Done waiting.
You start waiting.
Done waiting.
You start waiting.
Done waiting.
You start waiting.
Done waiting.
You start waiting.
You start waiting.
Done waiting.
One of your tentacles grows a vicious spike.
Your transformation is almost over.
MP[-1]
You lost 1 mp, and now have 7/8 mp.
You climb downwards.
Level annotation: Robin The hound closely misses you.
The ogre hits you with a +0 giant club!!
Ouch! That really hurt!
* * * LOW HITPOINT WARNING * * *
The hound bites you but does no damage.
The hobgoblin hits you but does no damage.
There is a stone staircase leading up, spattered with blood here.
HP[-21]
You take 21 damage, and now have 13/34 hp.
MASSIVE DAMAGE!! (PAUSE)
The hound bites you but does no damage. The hobgoblin completely misses you.
Robin roars a battlecry!
The hobgoblin goes into a battle-frenzy!
The hound closely misses you.
You closely miss Robin. You grab Robin.
You pierce Robin, but do no damage.
You constrict Robin. The hound bites you.
* * * LOW HITPOINT WARNING * * *
The ogre hits you with a +0 giant club!!
Ouch! That really hurt!
You die...

Skill      XL: |  1  2  3  4 |
---------------+-------------+-----
Stealth        | 1 2 |  2.6
Unarmed Combat | 4 |  4.4
Fighting       | 2 |  2.2
Dodging        | |  2.8
Spellcasting   | |  2.0
Transmutations | |  2.0

Action                   |  1- 3 |  4- 6 || total
-------------------------+-------+-------++-------
Melee: Unarmed           |    44 |    70 ||   114
       Kick              |    17 |    18 ||    35
       Tentacles         |    11 |    13 ||    24
       Constrict         |    12 |    19 ||    31
       Punch             |     2 |     3 ||     5
 Cast: Beastly Appendage |    16 |    18 ||    34
 Stab: Sleeping          |     4 |     2 ||     6
Armor: Skin              |     1 |    16 ||    17
Dodge: Dodged            |    19 |    67 ||    86

Levels and vault maps discovered:
D:1:      psy_arrival_terrarium, layout_basic, shapermc_ecumenical_altar_ellora,
          minmay_misc_feat_room
D:2:      minmay_evil_eye, layout_basic, hex_medium, kennysheep_path_1
D:3:      layout_basic, serial_shops, shop
D:4:      layout_basic, uniq_grinder, uniq_robin

Notes
Turn   | Place    | Note
-------+----------+-------------------------------------------
     0 | D:1      | zeratav the Octopode Transmuter began the quest for the
                  | Orb.
     0 | D:1      | Reached XP level 1. HP: 13/13 MP: 3/3
     0 | D:1      | magus.rc [v1.9.6]
    44 | D:1      | HP: 1/13 [hobgoblin (3)]
    46 | D:1      | Reached XP level 2. HP: 2/18 MP: 5/5
   408 | D:1      | Reached skill level 1 in Stealth
   757 | D:1      | Found a faded altar of an unknown god.
   960 | D:2      | Reached XP level 3. HP: 19/23 MP: 4/6
  1138 | D:2      | Reached skill level 2 in Stealth
  1138 | D:2      | Reached XP level 4. HP: 21/29 MP: 5/7
  1487 | D:2      | Reached skill level 4 in Unarmed Combat
  2178 | D:3      | Reached skill level 2 in Fighting
  2350 | D:3      | Reached XP level 5. HP: 19/34 MP: 6/8
  2537 | D:3      | You pick up a book of Spatial Translocations and begin
                  | reading...
  2537 | D:3      | You add the spells Blink, Lesser Beckoning and Manifold
                  | Assault to your library.
  2671 | D:3      | Found Sicruyr's Antique Weapon Shoppe.
  2691 | D:3      | You pick up a book of the Hunter and begin reading...
  2691 | D:3      | You add the spells Call Canine Familiar, Portal Projectile
                  | and Leda's Liquefaction to your library.
  2730 | D:4      | Noticed Robin
  2735 | D:4      | Noticed an ogre
  2750 | D:3      | HP: 6/34 [goblin/+0 dagger[Robin] (3)]
  4035 | D:4      | HP: 8/34 [hound (5)]
  4035 | D:4      | Demolished by an ogre

Vanquished Creatures
  A jelly (D:2)
  4 adders
  A white imp (D:3)
  A worm (D:2)
  A dart slug (D:1)
  An orc (D:3)
  4 bats
  3 endoplasms
  3 giant cockroaches
  11 goblins
  5 hobgoblins
  5 jackals
  5 kobolds
  A quokka (D:2)
  5 ball pythons
  2 frilled lizards (D:2)
  5 rats
58 creatures vanquished.

Table legend:
 A = Non-vault XP
 B = Vault XP
 C = Vault XP percentage of total XP
 D = Non-vault monster count
 E = Vault monster count
 F = Vault count percentage of total count
                 A         B        C        D         E       F
            +---------+---------+-------+---------+---------+-------
      Total |     176 |      25 |  12.4 |      43 |      15 |  25.9
            +---------+---------+-------+---------+---------+-------
        D:1 |      32 |       0 |   0.0 |      16 |       0 |   0.0
        D:2 |      83 |       9 |   9.8 |      17 |       6 |  26.1
        D:3 |      61 |      12 |  16.4 |      10 |       7 |  41.2
        D:4 |       0 |       4 | 100.0 |       0 |       2 | 100.0
            +---------+---------+-------+---------+---------+-------

Illustrated notes

Table legend:
 A = Kills in this place as a percentage of kills in entire the game.
 B = Kills by you in this place as a percentage of kills by you in the entire game.
 C = Kills by friends in this place as a percentage of kills by friends in the entire game.
 D = Other kills in this place as a percentage of other kills in the entire game.
 E = Experience gained in this place as a percentage of experience gained in the entire game.
 F = Experience gained in this place divided by the number of levels of this place that you have seen.
                   A       B       C       D       E      F
               +-------+-------+-------+-------+-------+----------------------
         Total | 100.0 | 100.0 |   N/A |   N/A | 100.0 |  50.2
       Dungeon | 100.0 | 100.0 |   N/A |   N/A | 100.0 |  50.2
               +-------+-------+-------+-------+-------+----------------------

Table legend: (Time is in decaauts)
 A = Elapsed time spent in this place.
 B = Non-inter-level travel time spent in this place.
 C = Inter-level travel time spent in this place.
 D = Time resting spent in this place.
 E = Time spent auto-exploring this place.
 F = Levels seen in this place.
 G = Mean time per level.
                   A        B        C        D        E       F      G
               +--------+--------+--------+--------+--------+-----+--------+
         Total |   4029 |   3976 |     53 |   1266 |   2361 |   4 | 1007.2 |
       Dungeon |   4029 |   3976 |     53 |   1266 |   2361 |   4 | 1007.2 |
               +--------+--------+--------+--------+--------+-----+--------+

Top non-repeatable levels by time:
     D:3: 1857 daAuts
     D:2: 1209 daAuts
     D:1: 947 daAuts
     D:4: 14 daAuts
